 Dungeon Crawl Stone Soup version 0.30-a0-830-gfe289a77b0 (webtiles) character file.

Game seed: 12752043828185735112

102 Nacht the Digger (level 5, -2/38 HPs)
             Began as a Meteoran Earth Elementalist on Mar 1, 2023.
             Slain by a kobold brigand
             ... wielding a +0 short sword
              (5 damage)
             ... in a sewer.
             The game lasted 00:04:07 (706 turns).

Nacht the Digger (Meteoran Earth Elementalist)       Turns: 706, Time: 00:04:07

Health: -2/38      AC:  2    Str:  9    XL:     5   Next: 28%
Magic:  10/10      EV: 12    Int: 19    God:
Gold:   85         SH:  0    Dex: 14    Spells: 3/9 levels left

rFire   . . .      SeeInvis .    i - staff of earth
rCold   . . .      Faith    .    (no shield)
rNeg    . . .      Spirit   .    a - +0 robe
rPois   .          Reflect  .    (no helmet)
rElec   .          Harm     .    (no cloak)
rCorr   .          Rampage  .    (no gloves)
Will    .....                    (no boots)
Stlth   +                        (no amulet)
HPRegen 0.26/turn                p - ring of flight
MPRegen 0.12/turn                (no ring)

@: flying, glowing
A: sense surroundings 1, otherworldly, glowing, explore regen
a: no special abilities


You were in a sewer.
You visited 1 branch of the dungeon, and saw 4 of its levels.
You also visited: Sewer.

You collected 85 gold pieces.

Inventory:

Missiles
 k - 6 poisoned darts
 m - 2 atropa-tipped darts
Armour
 a - a +0 robe (worn)
Magical Staves
 i - a staff of earth (weapon)
Jewellery
 p - a ring of flight (left hand)
Wands
 o - a wand of paralysis (8)
Scrolls
 d - a scroll of amnesia {unknown}
 h - 2 scrolls of identify {unknown}
 l - 2 scrolls of fear {unknown}
 q - a scroll of teleportation {unknown}
Potions
 c - a potion of attraction {unknown}
 e - 2 potions of might {unknown}
 f - a potion of ambrosia {unknown}
 g - a potion of haste {unknown}
 j - a potion of mutation {unknown}
 r - a potion of brilliance {unknown}


   Skills:
 - Level 2.4 Dodging
 - Level 1.4 Stealth
 - Level 2.6 Spellcasting
 - Level 2.0 Conjurations
 - Level 1.2 Transmutations
 + Level 6.0 Earth Magic


You had 3 spell levels left.
You knew the following spells:

 Your Spells              Type           Power      Damage    Failure   Level
a - Sandblast             Erth           76%        2d16      1%          1
b - Stone Arrow           Conj/Erth      52%        3d10      9%          3
w - Passwall              Tmut/Erth      20%        N/A       5%          2

Your spell library contained the following spells:

 Spells                   Type           Power      Damage    Failure   Level
 Petrify                  Tmut/Erth      24%        N/A       34%         4


Dungeon Overview and Level Annotations

Branches:
Dungeon (4/15) Zot: 1680    Sewer (1/1) Zot: 566
 Temple: D:4-7

Altars:
Uskayaw


Innate Abilities, Weirdness & Mutations

You passively map a small area around you.
You are easily found by Zot.
You glow in the dark.
You regain HP and MP as you explore.


Message History

Aim: a kobold brigand, wielding a +0 short sword and quivering poisoned darts (moderately wounded, 80% to hit)
You feel a surge of power!
The blast of sand misses the kobold brigand.
The kobold completely misses you.
The kobold brigand hits you with a +0 short sword.
The kobold hits you with a +0 dagger.
* * * LOW HITPOINT WARNING * * *
The kobold barely misses you. The kobold hits you but does no damage.
The kobold hits you with a +0 short sword.
* * * LOW HITPOINT WARNING * * *
The kobold brigand barely misses you. The kobold barely misses you.
Casting: Sandblast (safe; 1% risk of failure)
Confirm with . or Enter, or press ? or * to list all spells.
Aiming: Sandblast (safe; 1% risk of failure)
Press: ? - help, Shift-Dir - straight line, f/p - kobold brigand
Aim: a kobold brigand, wielding a +0 short sword and quivering poisoned darts (moderately wounded, 80% to hit)
You feel a surge of power!
The blast of sand hits the kobold brigand.
The kobold brigand is heavily wounded.
The kobold closely misses you. The kobold hits you with a +0 dagger.
* * * LOW HITPOINT WARNING * * *
The kobold hits you but does no damage. The kobold brigand closely misses you.
You feel better.
The kobold hits you with a +0 short sword.
* * * LOW HITPOINT WARNING * * *
The kobold misses you.
The kobold hits you with a +0 short sword.
* * * LOW HITPOINT WARNING * * *
The kobold brigand barely misses you.
Casting: Sandblast (safe; 1% risk of failure)
Confirm with . or Enter, or press ? or * to list all spells.
You don't have enough magic to cast this spell.
Magic courses through your body.
The kobold hits you with a +0 short sword.
* * * LOW HITPOINT WARNING * * *
The kobold barely misses you.
The kobold hits you with a +0 short sword.
* * * LOW HITPOINT WARNING * * *
The kobold brigand hits you with a +0 short sword.
You die...

#......#~≈~~~~
,
#......#~≈~~~~
, #......#~≈~#
#....~~#~~~# ~
, #...~~#~≈~#
##...~~~~≈~# ,
#....~~~~≈~#
###...P#~≈~#,
, #.K@K#~≈~# *
##KK##~~~# *
#..K.#~≈~# ,
#![..#~≈~# ,
#..∩.#~≈~# ,,*
#!...#~≈~# , ,
######~≈~#* *
#...'~~~#
#∩∩.#~≈~#


You could see a kobold brigand and 4 kobolds.

Vanquished Creatures
  Ijyb (D:3)
  A river rat (D:3)
  An adder (D:3)
  4 worms
  3 dart slugs
  An orc (D:3)
  An endoplasm (D:3)
  4 giant cockroaches (D:1)
  4 goblins (D:1)
  A hobgoblin (D:2)
  A quokka (D:1)
  5 ball pythons
  6 bats
  3 frilled lizards
  5 kobolds
  4 rats (D:1)
45 creatures vanquished.

Vanquished Creatures (others)
  A plant (Sewer)
1 creature vanquished.

Grand Total: 46 creatures vanquished

Notes
Turn   | Place    | Note
-------+----------+-------------------------------------------
     0 | D:1      | Nacht the Meteoran Earth Elementalist began the quest for
                  | the Orb.
     0 | D:1      | Reached XP level 1. HP: 14/14 MP: 5/5
    51 | D:1      | Reached skill level 4 in Earth Magic
    57 | D:1      | Reached XP level 2. HP: 20/20 MP: 3/6
   111 | D:1      | Found a faded altar of an unknown god.
   186 | D:1      | Reached XP level 3. HP: 24/26 MP: 1/8
   256 | D:1      | Reached skill level 5 in Earth Magic
   259 | D:1      | Learned a level 2 spell: Passwall
   263 | D:1      | Learned a level 3 spell: Stone Arrow
   343 | D:3      | Reached skill level 1 in Conjurations
   343 | D:3      | Reached XP level 4. HP: 33/33 MP: 5/9
   377 | D:3      | Noticed Ijyb
   382 | D:3      | Paralysed by Ijyb for 2 turns
   384 | D:3      | Killed Ijyb
   561 | D:3      | Reached XP level 5. HP: 38/38 MP: 8/10
   575 | D:3      | Found a hide-covered altar of Uskayaw.
   656 | D:3      | Found a glowing drain.
   674 | D:3      | Reached skill level 6 in Earth Magic
   676 | Sewer    | Entered a sewer
   697 | Sewer    | Noticed a kobold brigand
   706 | Sewer    | Slain by a kobold brigand

Illustrated notes

Levels and vault maps discovered:
D:1:      saegor_arrival_simple_d, layout_basic,
          chequers_ecumenical_altar_island
D:2:      minmay_razor_zed, layout_loops_cross, lexackson_kobold_supper
D:3:      layout_loops_ring, old_standard_altar, cheibrodos_sewer_entry_sluice,
          minmay_misc_feat_columns, uniq_robin, uniq_ijyb, uniq_sigmund
D:4:      layout_layer_cave, serial_shops, nicolae_shop_behind_doors
Sewer:    kennysheep_pipe_town

Skill      XL: |  1  2  3  4  5 |
---------------+----------------+-----
Earth Magic    | 4 5 6 |  6.0
Conjurations   | 1 2 |  2.0
Dodging        | |  2.4
Stealth        | |  1.4
Spellcasting   | |  2.6
Transmutations | |  1.2

Action                     |  1- 3 |  4- 6 || total
---------------------------+-------+-------++-------
  Melee: Staff             |     2 |     3 ||     5
   Cast: Sandblast         |    42 |    25 ||    67
         Stone Arrow       |       |     2 ||     2
    Use: Potion            |       |     3 ||     3
 Armour: Robe              |    10 |     4 ||    14
  Dodge: Dodged            |    21 |    13 ||    34

Table legend: (Time is in decaauts)
 A = Elapsed time spent in this place.
 B = Non-inter-level travel time spent in this place.
 C = Inter-level travel time spent in this place.
 D = Time resting spent in this place.
 E = Time spent auto-exploring this place.
 F = Levels seen in this place.
 G = Mean time per level.
                   A        B        C        D        E       F      G
               +--------+--------+--------+--------+--------+-----+--------+
         Total |    751 |    739 |     12 |      0 |     18 |   5 |  150.2 |
       Dungeon |    719 |    707 |     12 |      0 |      8 |   4 |  179.8 |
         Sewer |     32 |     32 |      0 |      0 |     10 |   1 |   32.0 |
               +--------+--------+--------+--------+--------+-----+--------+

Top non-repeatable levels by time:
     D:1: 290 daAuts
     D:3: 276 daAuts
     D:2: 150 daAuts
   Sewer: 32 daAuts
     D:4: 1 daAuts
